 Dungeon Crawl Stone Soup version 0.29-a0-551-gffc1d7fb78 (webtiles) character file.

Game seed: 7363541236357439682

499 spaghetti the Cutter (level 7, -7/46 (54) HPs)
             Began as a Gnoll Chaos Knight on June 5, 2022.
             Was a Plaything of Xom.
             Mangled by Edmund
             ... wielding a +1 flail of draining
              (9 damage)
             ... on level 5 of the Dungeon.
             The game lasted 00:06:41 (5755 turns).

spaghetti the Cutter (Gnoll Chaos Knight)           Turns: 5755, Time: 00:06:42

HP:   -7/46 (54)    AC:  0    Str: 15      XL:     7   Next: 16%
MP:   10/10         EV: 15    Int: 10 (11) God:    Xom [*.....]
Gold: 214           SH:  0    Dex: 13 (14) Spells: 10/10 levels left

rFire   . . .      SeeInvis .     - Unarmed
rCold   . . .      Faith    .   (shield currently unavailable)
rNeg    . . .      Spirit   .   (body armour currently unavailable)
rPois   .          Reflect  .   (helmet currently unavailable)
rElec   .          Harm     .   (cloak currently unavailable)
rCorr   .          Rampage  .   (gloves currently unavailable)
Will    .....                   (boots currently unavailable)
Stlth   ++........              (no amulet)
HPRegen 0.15/turn               (ring currently unavailable)
MPRegen 0.12/turn               (ring currently unavailable)

@: pig-form, heavily drained, very quick
A: fast, no casting, small, (fangs 1), strong nose, distributed training,
(deformed body), deterioration 1, frail 1, strong 2
a: Renounce Religion


You were on level 5 of the Dungeon.
You worshipped Xom.
You were a special plaything of Xom.
You were a filthy swine.
You visited 1 branch of the dungeon, and saw 5 of its levels.

You collected 214 gold pieces.


Innate Abilities, Weirdness & Mutations

You are a filthy swine.
You move quickly.
Your equipment is almost entirely melded.
You are incapable of wielding weapons or throwing items.
You cannot cast spells.
((You have very sharp teeth.))
Your uncanny sense of smell can sniff out nearby items.
Your experience applies equally to all skills.
((Armour fits poorly on your strangely shaped body.))
Your body sometimes deteriorates upon taking damage.
You are frail. (-10% HP)
Your muscles are very strong. (Str +4)


   Skills:
 + Level 7.0 Fighting
 + Level 7.0 Short Blades
 + Level 2.3 Long Blades
 + Level 2.3 Axes
 + Level 2.3 Maces & Flails
 + Level 2.3 Polearms
 + Level 2.3 Staves
 + Level 2.3 Slings
 + Level 2.3 Bows
 + Level 2.3 Crossbows
 + Level 2.3 Throwing
 + Level 5.1 Armour
 + Level 3.5 Dodging
 + Level 2.3 Stealth
 + Level 2.3 Shields
 + Level 2.3 Unarmed Combat
 + Level 2.3 Spellcasting
 + Level 1.8 Conjurations
 + Level 1.8 Hexes
 + Level 1.8 Summonings
 + Level 1.8 Necromancy
 + Level 1.8 Translocations
 + Level 1.8 Transmutations
 + Level 1.8 Fire Magic
 + Level 1.8 Ice Magic
 + Level 1.8 Air Magic
 + Level 1.8 Earth Magic
 + Level 1.8 Poison Magic
 + Level 2.5 Invocations
 + Level 2.3 Evocations


You had 10 spell levels left.
You didn't know any spells.
Your spell library was empty.

Inventory:

Hand Weapons
 a - a +0 short sword of chaos {short}
 h - the +5 whip "Puowuxou" (melded) {pain, +Blink rCorr Str-5 Dex+4, mace}
   (You found it on level 4 of the Dungeon)

   In the hands of one skilled in necromantic magic, it inflicts extra damage on
   living creatures.
   Str:       It affects your strength (-5).
   Dex:       It affects your dexterity (+4).
   +Blink:    It lets you blink.
   rCorr:     It protects you from acid and corrosion.
 n - a +0 battleaxe {axe}
   (Xom gifted it to you on level 2 of the Dungeon)
 o - a +0 dagger of venom {short}
   (You took it off a goblin on level 2 of the Dungeon)
Missiles
 f - 76 stones (quivered) {throwing}
 i - 3 javelins {throwing}
 j - 11 atropa-tipped darts {throwing}
 s - 6 poisoned darts {throwing}
Armour
 b - a +2 leather armour (melded)
 r - an orb of guile
   (You found it on level 2 of the Dungeon)
Magical Staves
 k - a staff of air {!astaff}
   (Xom gifted it to you on level 4 of the Dungeon)
Jewellery
 v - a ring of positive energy
   (You found it on level 4 of the Dungeon)
Wands
 t - a wand of iceblast (9)
   (You found it on level 4 of the Dungeon)
 u - a wand of acid (7)
   (You found it on level 3 of the Dungeon)
Scrolls
 l - 3 scrolls of silence {!r}
 m - 2 scrolls of noise {!r}
Potions
 d - 2 potions of resistance
 e - 3 potions of haste {@q3}
 g - a potion of flight
 p - 2 potions of berserk rage {unknown}
 q - 3 potions of brilliance
 w - a potion of degeneration {unknown}
Miscellaneous
 c - a piece from Xom's chessboard (15/15)

Dungeon Overview and Level Annotations

Branches:
Dungeon (5/15)
 Temple: D:4-7

Altars:
Ashenzari
Dithmenos
Kikubaaqudgha
Qazlal
Trog
Yredelemnul

Shops:
D:2 (

Annotations:
D:2 1 exclusion
D:5 Edmund

######## #......#
#......# #.....####
#.........
#.....####
#.........
##.h###.#.# #...# #
# ##..$###.# #####
##........# #....###
###.....##.....
+......###.......#
....
#................#
...
.................#
..
#......#'######.....
.


There were no monsters in sight!


Message History

You see here an iguana skeleton.
Key pressed, stopping explore.
You now have 208 gold pieces (gained 14).
As you open the door, it creaks loudly!
No target in view!
A quokka comes into view.
There is an open door here.
A quokka is nearby!
A quokka is nearby!
A quokka is nearby!
The quokka bites you. 😕 HP[-1]
You take 1 damage, and now have 52/53 hp.
You miss the quokka. The quokka closely misses you.
A necrophage comes into view.
You hit the quokka. The quokka misses you.
You hit the quokka.
You kill the quokka! 😎 HP[+1]
Your hp is fully restored (53).
You hit the necrophage. Your bite misses the necrophage.
The necrophage hits you but does no damage.
You barely miss the necrophage. You hit the necrophage.
The necrophage closely misses you.
You hit the necrophage. The necrophage closely misses you.
You barely miss the necrophage. The necrophage hits you. 😕 HP[-2]
You take 2 damage, and now have 51/53 hp.
You barely miss the necrophage. The necrophage completely misses you.
You closely miss the necrophage. The necrophage closely misses you.
You hit the necrophage. Your bite misses the necrophage.
The necrophage barely misses you.
You hit the necrophage. The necrophage hits you. 😕 HP[-1]
You take 1 damage, and now have 50/53 hp.
A necrophage is nearby!
You hit the necrophage.
The necrophage hits you but does no damage. 😕 HP[+1]
You whack the necrophage!
You destroy the necrophage!
You feel your intelligence returning.
Your Fighting skill increases to level 7!
Your Short Blades skill increases to level 7! 😕 HP[+1]
You now have 54 max hp (+1).
You now have 214 gold pieces (gained 6).
Edmund the Younger comes into view.
He is wielding a +1 flail of draining and carrying a wand of polymorph (9).
You see here 13 gold pieces. 😎 HP[+2]
Your hp is fully restored (54).
Edmund shouts!
You hit Edmund. You bite Edmund, but do no damage.
Edmund hits you with a +1 flail of draining!
You feel drained. 😮 HP[-18]
You now have 52 max hp (-2).
You take 18 damage, and now have 36/52 hp.
MASSIVE DAMAGE!! (PAUSE)
You hit Edmund but do no damage.
Edmund zaps a wand.
You turn into a filthy swine.
The +5 whip "Puowuxou" {pain, +Blink rCorr Str-5 Dex+4, mace} melds into your body.
Your +2 leather armour melds into your body.
Unknown command.
Unknown command.
Unknown command.
You hit Edmund.
Edmund hits you with a +1 flail of draining!
You feel drained. 😮 HP[-9]
You now have 50 max hp (-2).
You take 9 damage, and now have 27/50 hp.
Unknown command.
You hit Edmund but do no damage.
Edmund hits you with a +1 flail of draining.
* * * LOW HITPOINT WARNING * * *
You feel drained.
* * * LOW HITPOINT WARNING * * *
😨 HP[-4]
You now have 48 max hp (-2).
You take 4 damage, and now have 23/48 hp.
Unknown command.
Unknown command.
You hit Edmund but do no damage.
You hear Xom's avuncular chuckle.
Edmund flickers and vanishes!
Deactivating autopickup; reactivate with Ctrl-A.
Something hits you!
* * * LOW HITPOINT WARNING * * *
Your body deteriorates!
You feel clumsy.
You feel drained.
* * * LOW HITPOINT WARNING * * *
😱 HP[-21]
You now have 46 max hp (-2).
You take 21 damage, and now have 2/46 hp.
MASSIVE DAMAGE!! (PAUSE)
You start resting.
Something hits you!
You die...

Skill      XL: |  1  2  3  4  5  6  7 |
---------------+----------------------+-----
Invocations    | 1 2 |  2.5
Long Blades    | 1 2 |  2.3
Axes           | 1 2 |  2.3
Maces & Flails | 1 2 |  2.3
Polearms       | 1 2 |  2.3
Staves         | 1 2 |  2.3
Slings         | 1 2 |  2.3
Bows           | 1 2 |  2.3
Crossbows      | 1 2 |  2.3
Throwing       | 1 2 |  2.3
Stealth        | 1 2 |  2.3
Shields        | 1 2 |  2.3
Unarmed Combat | 1 2 |  2.3
Spellcasting   | 1 2 |  2.3
Evocations     | 1 2 |  2.3
Conjurations   | 1 |  1.8
Hexes          | 1 |  1.8
Summonings     | 1 |  1.8
Necromancy     | 1 |  1.8
Translocations | 1 |  1.8
Transmutations | 1 |  1.8
Fire Magic     | 1 |  1.8
Ice Magic      | 1 |  1.8
Air Magic      | 1 |  1.8
Earth Magic    | 1 |  1.8
Poison Magic   | 1 |  1.8
Dodging        | 3 |  3.5
Armour         | 5 |  5.1
Fighting       | 7 |  7.0
Short Blades   | 7 |  7.0

Action                   |  1- 3 |  4- 6 |  7- 9 || total
-------------------------+-------+-------+-------++-------
Melee: Short sword       |    89 |       |       ||    89
       Bite              |     8 |    22 |     1 ||    31
       Dagger            |    30 |   136 |       ||   166
       Punch             |       |     3 |       ||     3
       Whip              |       |    77 |    16 ||    93
       Unarmed           |       |       |     3 ||     3
Throw: Dart              |       |     5 |       ||     5
       Stone             |       |     3 |       ||     3
Evoke: Piece from Xom's  |       |     3 |       ||     3
  Use: Scroll            |     3 |     6 |       ||     9
       Potion            |       |     6 |       ||     6
 Stab: Sleeping          |       |     3 |       ||     3
Armor: Leather armour    |    41 |    26 |     2 ||    69
       Skin              |       |    24 |       ||    24
Dodge: Dodged            |    65 |    83 |     7 ||   155

Levels and vault maps discovered:
D:1:      minmay_arrival_pointy, layout_loops_corners,
          dreamdust_ecumenical_altar_grove, grunt_decor_junction,
          item_on_display_a
D:2:      layout_basic, serial_shops, nicolae_square_shop, minmay_goblin_outpost
D:3:      layout_basic, mainiacjoe_overflow_chevrons, hangedman_decor_slide_cut
D:4:      layout_basic, lemuel_crystal_altar, old_standard_altar,
          lemuel_crystal_altar, chequers_temple_overflow_statue_of_worship
D:5:      layout_basic, kennysheep_orc_sif_temple, fedhas_altar_4, uniq_edmund,
          uniq_ijyb

Notes
Turn   | Place    | Note
-------+----------+-------------------------------------------
     0 | D:1      | spaghetti the Gnoll Chaos Knight began the quest for the
                  | Orb.
     0 | D:1      | Reached XP level 1. HP: 23/23 MP: 1/1
     0 | D:1      | magus.rc [v1.9.6]
    35 | D:1      | XOM: silly message
    79 | D:1      | XOM: silly message
   294 | D:1      | Reached XP level 2. HP: 29/29 MP: 2/2
   369 | D:1      | XOM: divination: detect creatures
   677 | D:1      | Found a faded altar of an unknown god.
   735 | D:1      | XOM: give mutations
   735 | D:1      | Gained mutation: Armour fits poorly on your strangely
                  | shaped body. [Xom's mischief]
   735 | D:1      | Gained mutation: You are robust. (+10% HP) [Xom's mischief]
   735 | D:1      | Gained mutation: Your body sometimes deteriorates upon
                  | taking damage. [Xom's mischief]
   986 | D:2      | Found Ruphen's Antique Weapon Emporium.
  1002 | D:2      | Reached XP level 3. HP: 26/38 MP: 3/3
  1014 | D:2      | Reached skill level 1 in Invocations
  1047 | D:2      | XOM: god gift: battleaxe {god gift}
  1138 | D:2      | XOM: divination: magic mapping
  1153 | D:2      | XOM: give mutation
  1153 | D:2      | Gained mutation: Your muscles are strong. (Str +2) [Xom's
                  | mischief]
  1356 | D:2      | XOM: 9-stop teleportation journey
  1366 | D:2      | Reached skill level 1 in Long Blades
  1366 | D:2      | Reached skill level 1 in Axes
  1366 | D:2      | Reached skill level 1 in Maces & Flails
  1366 | D:2      | Reached skill level 1 in Polearms
  1366 | D:2      | Reached skill level 1 in Staves
  1366 | D:2      | Reached skill level 1 in Slings
  1366 | D:2      | Reached skill level 1 in Bows
  1366 | D:2      | Reached skill level 1 in Crossbows
  1366 | D:2      | Reached skill level 1 in Throwing
  1366 | D:2      | Reached skill level 1 in Stealth
  1366 | D:2      | Reached skill level 1 in Shields
  1366 | D:2      | Reached skill level 1 in Unarmed Combat
  1366 | D:2      | Reached skill level 1 in Spellcasting
  1366 | D:2      | Reached skill level 1 in Evocations
  1416 | D:2      | XOM: 10-stop teleportation journey
  1494 | D:2      | Reached XP level 4. HP: 45/45 MP: 5/5
  1590 | D:2      | XOM: noise
  2039 | D:2      | XOM is BORED!
  2247 | D:2      | XOM: cloud trail
  2478 | D:3      | Reached skill level 1 in Conjurations
  2478 | D:3      | Reached skill level 1 in Hexes
  2478 | D:3      | Reached skill level 1 in Summonings
  2478 | D:3      | Reached skill level 1 in Necromancy
  2478 | D:3      | Reached skill level 1 in Translocations
  2478 | D:3      | Reached skill level 1 in Transmutations
  2478 | D:3      | Reached skill level 1 in Fire Magic
  2478 | D:3      | Reached skill level 1 in Ice Magic
  2478 | D:3      | Reached skill level 1 in Air Magic
  2478 | D:3      | Reached skill level 1 in Earth Magic
  2478 | D:3      | Reached skill level 1 in Poison Magic
  2621 | D:3      | Found a shadowy altar of Dithmenos.
  3213 | D:3      | Reached XP level 5. HP: 51/51 MP: 6/6
  3540 | D:3      | XOM is BORED!
  3692 | D:4      | Found a bloodstained altar of Trog.
  3747 | D:4      | Found an ancient bone altar of Kikubaaqudgha.
  3762 | D:4      | XOM: cast spell 'Call Canine Familiar'
  3762 | D:4      | XOM: smoke on damage
  3775 | D:4      | Reached skill level 3 in Dodging
  3780 | D:4      | Identified the +5 whip "Puowuxou" {pain, +Blink rCorr Str-5
                  | Dex+4}
  3795 | D:4      | Lost mutation: Your body sometimes deteriorates upon taking
                  | damage. [potion of mutation]
  3795 | D:4      | Lost mutation: You are robust. (+10% HP) [potion of
                  | mutation]
  3795 | D:4      | Gained mutation: Your body sometimes deteriorates upon
                  | taking damage. [potion of mutation]
  3795 | D:4      | Gained mutation: You are frail. (-10% HP) [potion of
                  | mutation]
  3795 | D:4      | Gained mutation: Your muscles are very strong. (Str +4)
                  | [potion of mutation]
  3799 | D:4      | HP: 14/63 [something/magic dart (3)]
  3845 | D:4      | XOM: divination: detect creatures
  4002 | D:4      | XOM: silly message
  4061 | D:4      | XOM: divination: detect creatures
  4079 | D:4      | Reached skill level 2 in Invocations
  4079 | D:4      | Reached XP level 6. HP: 22/47 MP: 8/8
  4184 | D:4      | XOM: silly message
  4262 | D:4      | XOM: 2-stop teleportation journey
  4656 | D:4      | XOM: god gift: staff of air
  4663 | D:4      | Found a basalt altar of Yredelemnul.
  4688 | D:4      | Reached skill level 2 in Long Blades
  4688 | D:4      | Reached skill level 2 in Axes
  4688 | D:4      | Reached skill level 2 in Maces & Flails
  4688 | D:4      | Reached skill level 2 in Polearms
  4688 | D:4      | Reached skill level 2 in Staves
  4688 | D:4      | Reached skill level 2 in Slings
  4688 | D:4      | Reached skill level 2 in Bows
  4688 | D:4      | Reached skill level 2 in Crossbows
  4688 | D:4      | Reached skill level 2 in Throwing
  4688 | D:4      | Reached skill level 5 in Armour
  4688 | D:4      | Reached skill level 2 in Stealth
  4688 | D:4      | Reached skill level 2 in Shields
  4688 | D:4      | Reached skill level 2 in Unarmed Combat
  4688 | D:4      | Reached skill level 2 in Spellcasting
  4688 | D:4      | Reached skill level 2 in Evocations
  5006 | D:4      | Found a stormy altar of Qazlal.
  5006 | D:4      | Found a broken altar of Ashenzari.
  5148 | D:4      | XOM: cloud trail
  5269 | D:4      | XOM: god gift: potion of brilliance
  5373 | D:5      | XOM: stealth player
  5373 | D:5      | Entered Level 5 of the Dungeon
  5449 | D:5      | XOM: butterfly on damage
  5570 | D:5      | Reached XP level 7. HP: 40/53 MP: 10/10
  5594 | D:5      | XOM: silly message
  5717 | D:5      | Reached skill level 7 in Fighting
  5717 | D:5      | Reached skill level 7 in Short Blades
  5740 | D:5      | Noticed Edmund
  5750 | D:5      | XOM: enchant monster (bad)
  5750 | D:5      | HP: 9/48 [something (14)]
  5750 | D:5      | HP: 2/46 [something (7)]
  5755 | D:5      | Mangled by Edmund

Vanquished Creatures
  A necrophage (D:5)
  A hound (D:5)
  An orc priest (D:5)
  2 orc wizards (D:4)
  3 iguanas
  4 adders
  3 worms
  3 dart slugs
  4 orcs
  8 endoplasms
  3 giant cockroaches
  11 goblins
  7 hobgoblins
  9 kobolds
  4 quokkas
  6 ball pythons
  9 bats
  6 frilled lizards
  5 rats
90 creatures vanquished.

Vanquished Creatures (collateral kills)
  2 orc priests (D:4)
  2 orc wizards (D:4)
4 creatures vanquished.

Vanquished Creatures (others)
  17 plants (D:3)
17 creatures vanquished.

Grand Total: 111 creatures vanquished

Table legend:
 A = Non-vault XP
 B = Vault XP
 C = Vault XP percentage of total XP
 D = Non-vault monster count
 E = Vault monster count
 F = Vault count percentage of total count
                 A         B        C        D         E       F
            +---------+---------+-------+---------+---------+-------
      Total |     700 |      13 |   1.8 |      87 |       7 |   7.4
            +---------+---------+-------+---------+---------+-------
        D:1 |      26 |       0 |   0.0 |      16 |       0 |   0.0
        D:2 |      76 |      13 |  14.6 |      27 |       7 |  20.6
        D:3 |      63 |       0 |   0.0 |      22 |       0 |   0.0
        D:4 |     312 |       0 |   0.0 |      14 |       0 |   0.0
        D:5 |     223 |       0 |   0.0 |       8 |       0 |   0.0
            +---------+---------+-------+---------+---------+-------

Illustrated notes

Table legend:
 A = Kills in this place as a percentage of kills in entire the game.
 B = Kills by you in this place as a percentage of kills by you in the entire game.
 C = Kills by friends in this place as a percentage of kills by friends in the entire game.
 D = Other kills in this place as a percentage of other kills in the entire game.
 E = Experience gained in this place as a percentage of experience gained in the entire game.
 F = Experience gained in this place divided by the number of levels of this place that you have seen.
                   A       B       C       D       E      F
               +-------+-------+-------+-------+-------+----------------------
         Total | 100.0 | 100.0 | 100.0 |   N/A | 100.0 | 142.6
       Dungeon | 100.0 | 100.0 | 100.0 |   N/A | 100.0 | 142.6
               +-------+-------+-------+-------+-------+----------------------

Table legend: (Time is in decaauts)
 A = Elapsed time spent in this place.
 B = Non-inter-level travel time spent in this place.
 C = Inter-level travel time spent in this place.
 D = Time resting spent in this place.
 E = Time spent auto-exploring this place.
 F = Levels seen in this place.
 G = Mean time per level.
                   A        B        C        D        E       F      G
               +--------+--------+--------+--------+--------+-----+--------+
         Total |   5679 |   5472 |    207 |    140 |   4618 |   5 | 1135.8 |
       Dungeon |   5679 |   5472 |    207 |    140 |   4618 |   5 | 1135.8 |
               +--------+--------+--------+--------+--------+-----+--------+

Top non-repeatable levels by time:
     D:4: 1704 daAuts
     D:2: 1486 daAuts
     D:3: 1172 daAuts
     D:1: 934 daAuts
     D:5: 380 daAuts
